 Dungeon Crawl Stone Soup version 0.31.0-32-g396128a36d (webtiles) character file.

Game seed: 17279226484811445702

443 CrypticCrinoid the Chopper (level 6, -8/82 HPs)
             Began as a Minotaur Berserker on Mar 31, 2024.
             Was a Priest of Trog.
             Succumbed to a gnoll sergeant's poison
             ... on level 4 of the Dungeon.
             The game lasted 00:07:56 (3166 turns).

CrypticCrinoid the Chopper (Minotaur Berserker)     Turns: 3166, Time: 00:07:57

Health: -8/82      AC:  5    Str: 23    XL:     6   Next: 71%
Magic:  5/5        EV: 10    Int:  4    God:    Trog [***...]
Gold:   219        SH:  7    Dex: 10    Spells: 5/5 levels left

rFire   . . .        t - +0 war axe
rCold   . . .        q - +0 kite shield
rNeg    . . .        e - +0 ring mail
rPois   .            (helmet restricted)
rElec   .            (no cloak)
rCorr   .            (no gloves)
SInv    .            (no boots)
Will    .....        (no amulet) Stlth
                     (no ring)
HPRegen 0.33/turn    (no ring)
MPRegen 0.09/turn

%: no passive effects
@: berserking, lethally poisoned (-8 -> -52), very quick
A: horns 2, retaliatory headbutt
a: Renounce Religion, Berserk, Trog's Hand


You were on level 4 of the Dungeon.
You worshipped Trog.
Trog was most pleased with you.
You visited 1 branch of the dungeon, and saw 4 of its levels.

You collected 219 gold pieces.

Inventory:

Hand Weapons
 t - a +0 war axe (weapon)
Armour
 e - a +0 ring mail (worn)
 q - a +0 kite shield (worn)
Jewellery
 h - an amulet of regeneration
Wands
 m - a wand of flame (14)
Scrolls
 a - a scroll of fear {unknown}
 c - a scroll of immolation {unknown}
 i - a scroll of teleportation {unknown}
 j - 2 scrolls of butterflies {unknown}
 l - 2 scrolls of blinking {unknown}
 n - a scroll of brand weapon {unknown}
 p - 2 scrolls of identify {unknown}
 s - a scroll of vulnerability {unknown}
 u - 2 scrolls of torment {unknown}
Potions
 b - 5 potions of heal wounds {unknown}
 d - 2 potions of curing {unknown}
 f - a potion of haste {unknown}
 g - 2 potions of attraction {unknown}
 k - a potion of enlightenment {unknown}
 o - a potion of invisibility {unknown}
 r - a potion of magic {unknown}


   Skills:
 * Level 4.9 Fighting
 * Level 6.7 Axes
 * Level 4.1 Armour
 * Level 4.1 Dodging
 * Level 0.5 Shields


You had 5 spell levels left.
You didn't know any spells.
Your spell library was empty.

Dungeon Overview and Level Annotations

Branches:
Dungeon (4/15)
 Temple: D:4-7

Altars:
Ru
Trog
Xom
Yredelemnul

Annotations:
D:4 1 transporter


Innate Abilities, Weirdness & Mutations

You have a pair of horns on your head.
You reflexively headbutt those who attack you in melee.


Message History

The gnoll shouts!
You hear a shout!
A gnoll opens the door. 2 gnolls come into view.
A gnoll is wielding a +2 spear of electrocution and quivering 2 throwing nets.
The gnoll shouts! x2
The gnoll sergeant hits you from afar with a +2 trident of venom!
You are poisoned.
Found a transporter.
You feel very sick.
The gnoll sergeant hits you with a +2 trident of venom!
You are more poisoned.
A red film seems to cover your vision as you go berserk!
You feel yourself moving faster!
You feel mighty!
You feel extremely sick.
The gnoll sergeant hits you with a +2 trident of venom.
You are more poisoned.
The gnoll sergeant blocks your attack.
You slice the plant!!
The plant begins to die.
You hit the plant.
The plant begins to die.
You slash the plant!
The plant begins to die.
You slash the plant!
The plant begins to die.
You barely miss the gnoll.
You feel extremely sick. The gnoll barely misses you. You furiously retaliate!
You headbutt the gnoll. The gnoll closely misses you.
The gnoll sergeant hits you with a +2 trident of venom!
You barely miss the gnoll sergeant.
Your headbutt misses the gnoll sergeant.
You slash the gnoll!
You kill the gnoll!
Trog accepts your kill.
You hit the plant. You slash the plant! You hit the plant. You slash the plant!
* * * LOW HITPOINT WARNING * * *
You feel extremely sick.
The gnoll sergeant hits you with a +2 trident of venom!
* * * LOW HITPOINT WARNING * * *
You are more poisoned.
The gnoll hits you from afar with a +0 spear!
* * * LOW HITPOINT WARNING * * *
Unknown command.
The gnoll sergeant blocks your attack.
You slash the plant! x4
You die...

.####≈≈...# # .. ###
#..#≈≈...# # #. #.#
#.##≈≈.#.# # ≈ ..
......g#≈≈.#.# #
≈###.##'##.###≈≈.#.# ##
.#.#P.P#.#..≈≈.#.##...
≈.##.g...+.##.≈≈.#.##.##
≈.#©g#PgP#..#.≈≈.#.## #
##@## ##.≈≈.#.##.##
≈..#.#P)P#.#.....#......
~.©#.+.©g'.#©..........#
≈..#.#8⌠8#.#.....###...#
≈ #.#####.##.≈≈..# #...
. ..#.≈≈......## #
.##.≈≈.#### # # #..≈≈..#
g###≈≈..#


You could see a gnoll sergeant and 3 gnolls.

Vanquished Creatures
  Sigmund (D:2)
  A hound (D:4)
  An iguana (D:4)
  Natasha (twice) (D:2)
  3 gnolls
  5 adders
  4 dart slugs
  4 ribbon worms
  4 orcs (D:3)
  5 ball pythons
  6 endoplasms
  4 giant cockroaches
  2 hobgoblins
  5 jackals
  8 quokkas
  8 bats
  3 frilled lizards
  7 goblins
  9 kobolds
  5 rats
87 creatures vanquished.

Notes
Turn   | Place    | Note
-------+----------+-------------------------------------------
     0 | D:1      | CrypticCrinoid the Minotaur Berserker began the quest for
                  | the Orb.
     0 | D:1      | Reached XP level 1. HP: 19/19 MP: 0/0
   179 | D:1      | Reached skill level 4 in Axes
   179 | D:1      | Reached XP level 2. HP: 15/27 MP: 1/1
   304 | D:1      | Reached XP level 3. HP: 19/33 MP: 2/2
   996 | D:2      | You fall into a shaft and drop 1 floor!
  1010 | D:3      | Reached ** piety under Trog
  1111 | D:2      | Reached XP level 4. HP: 40/40 MP: 3/3
  1197 | D:2      | Found a faded altar of an unknown god.
  1214 | D:2      | Noticed Natasha
  1218 | D:2      | Killed Natasha
  1493 | D:2      | Noticed Sigmund
  1523 | D:2      | Reached skill level 5 in Axes
  1540 | D:2      | Killed Sigmund
  1541 | D:2      | Reached skill level 6 in Axes
  1541 | D:2      | Reached XP level 5. HP: 47/47 MP: 4/4
  1541 | D:2      | Reached XP level 6. HP: 53/53 MP: 5/5
  2016 | D:2      | Noticed Natasha
  2026 | D:2      | Killed Natasha
  2135 | D:3      | Reached *** piety under Trog
  2754 | D:4      | Found a shimmering altar of Xom.
  2757 | D:4      | Found a bloodstained altar of Trog.
  2764 | D:4      | Found a sacrificial altar of Ru.
  2768 | D:4      | Found a basalt altar of Yredelemnul.
  3151 | D:4      | Found a transporter.
  3162 | D:4      | Found a transporter.
  3165 | D:4      | HP: 1/82 [gnoll/+0 spear (7)]
  3166 | D:4      | Succumbed to a gnoll sergeant's poison

Illustrated notes

Levels and vault maps discovered:
D:1:      dpeg_arrival_round_c, layout_basic, due_unseen_surprise
D:2:      minmay_wonky_spiral, layout_loops_corners,
          hellmonk_ecumenical_altar_zigzags, minmay_pentomino_u4, uniq_sigmund,
          uniq_natasha
D:3:      layout_loops_ring
D:4:      layout_loops_ring, nicolae_overflow_macrodata_refinement,
          gammafunk_ghost_gnarly_gnolls

Skill      XL: |  1  2  3  4  5  6 |
---------------+-------------------+-----
Fighting       | 4 |  4.9
Axes           | 4 6 |  6.7
Dodging        | 3 4 |  4.1
Armour         | 3 4 |  4.1
Shields        | |  0.5

Action                     |  1- 3 |  4- 6 || total
---------------------------+-------+-------++-------
  Melee: Hand axe          |    65 |    99 ||   164
         Headbutt          |     8 |    12 ||    20
         Punch             |     3 |     1 ||     4
         War axe           |       |    40 ||    40
 Invoke: Berserk           |       |     3 ||     3
 Armour: Leather armour    |    10 |       ||    10
         Animal skin       |     2 |       ||     2
         Ring mail         |    30 |    83 ||   113
  Dodge: Dodged            |    49 |    80 ||   129
  Block: Kite shield       |       |    12 ||    12
